 Dungeon Crawl Stone Soup version 0.29-a0-541-gaf1fc19f1b (webtiles) character file.

Game seed: 4730307623643046505

3 vulpzor the Skirmisher (level 1, 0/18 HPs)
             Began as a Human Cinder Acolyte on June 3, 2022.
             Was a High Priest of Ignis.
             Slain by a giant cockroach (2 damage)
             ... on level 1 of the Dungeon.
             The game lasted 00:01:09 (206 turns).

vulpzor the Skirmisher (Human Cinder Acolyte)        Turns: 206, Time: 00:01:10

Health: 0/18       AC:  2    Str: 14    XL:     1   Next: 55%
Magic:  2/2        EV: 11    Int: 14    God:    Ignis [*****.]
Gold:   0          SH:  0    Dex:  8    Spells: 2/2 levels left

rFire   + . .      SeeInvis .   a - -1 falchion (flame)
rCold   . . .      Faith    .   (no shield)
rNeg    . . .      Spirit   .   b - +0 robe
rPois   .          Reflect  .   (no helmet)
rElec   .          Harm     .   (no cloak)
rCorr   .          Rampage  .   (no gloves)
Will    .....                   (no boots)
Stlth   +.........              (no amulet)
HPRegen 0.06/turn               (no ring)
MPRegen 0.08/turn               (no ring)

@: no status effects
A: no striking features
a: Renounce Religion, Fiery Armour, Foxfire Swarm, Rising Flame


You were on level 1 of the Dungeon.
You worshipped Ignis.
Ignis was extremely pleased with you.
You visited 1 branch of the dungeon, and saw 1 of its levels.

Inventory:

Hand Weapons
 a - a -1 falchion of flaming (weapon)
Armour
 b - a +0 robe (worn)


   Skills:
 + Level 3.1 Fighting
 + Level 3.0 Long Blades
 + Level 1.0 Spellcasting
 + Level 3.1 Fire Magic


You had 2 spell levels left.
You didn't know any spells.
Your spell library contained the following spells:

 Spells                   Type           Power      Damage    Failure   Level
 Scorch                   Fire           18%        2d6       11%         2


Dungeon Overview and Level Annotations

Branches:
Dungeon (1/15)

Altars:


Message History

The bat barely misses you.
You hit the bat. You burn the bat.
You kill the bat!
A rat and a quokka come into view.
A giant cockroach comes into view.
Found a scroll labelled SOAPPI AC ZOHE.
The rat barely misses you.
The giant cockroach waves its antennae.
You see here a +0 club.
You hit the giant cockroach but do no damage.
The rat closely misses you. The quokka bites you.
The giant cockroach bites you.
You barely miss the giant cockroach. The giant cockroach barely misses you.
The quokka bites you. The rat bites you.
The giant cockroach closely misses you. The giant cockroach barely misses you.
The quokka bites you.
* * * LOW HITPOINT WARNING * * *
The giant cockroach attacks as you move away!
The giant cockroach closely misses you.
You hit the quokka. You burn the quokka.
The quokka is almost dead.
The giant cockroach bites you.
* * * LOW HITPOINT WARNING * * *
The quokka closely misses you.
You closely miss the quokka.
The quokka is almost dead.
The quokka barely misses you. The giant cockroach bites you.
* * * LOW HITPOINT WARNING * * *
The quokka barely misses you. The giant cockroach closely misses you.
You hit the quokka. You burn the quokka.
You kill the quokka!
The giant cockroach closely misses you.
You aren't carrying any potions.
You hit the rat but do no damage. The giant cockroach bites you.
* * * LOW HITPOINT WARNING * * *
The rat barely misses you.
You hit the rat. You burn the rat.
You kill the rat!
The giant cockroach bites you.
You die...

# ######## # ...##..#
.# .......##########
.#
##.....)........##.###
####......#####......#
>#####....# ##...#.# .
...#####..# #.### #..
.<...# ##.# #@###...#
......# ..# #.B....#
##......... #).###.#
##....##.# #..# ###+#
..## .#.# .#... .. .?#
.. ..#


You could see a giant cockroach.

Vanquished Creatures
  A quokka (D:1)
  A bat (D:1)
  A kobold (D:1)
  2 rats (D:1)
5 creatures vanquished.

Notes
Turn   | Place    | Note
-------+----------+-------------------------------------------
     0 | D:1      | vulpzor the Human Cinder Acolyte began the quest for the
                  | Orb.
     0 | D:1      | Reached XP level 1. HP: 18/18 MP: 2/2
   206 | D:1      | Slain by a giant cockroach

Illustrated notes

Levels and vault maps discovered:
D:1:      dpeg_arrival_long_road, layout_rooms

Action                   || total
-------------------------++-------
Melee: Falchion          ||    16
Armor: Robe              ||     3
Dodge: Dodged            ||    16

Table legend: (Time is in decaauts)
 A = Elapsed time spent in this place.
 B = Non-inter-level travel time spent in this place.
 C = Inter-level travel time spent in this place.
 D = Time resting spent in this place.
 E = Time spent auto-exploring this place.
 F = Levels seen in this place.
 G = Mean time per level.
                   A        B        C        D        E       F      G
               +--------+--------+--------+--------+--------+-----+--------+
         Total |    208 |    208 |      0 |    141 |     11 |   1 |  208.0 |
       Dungeon |    208 |    208 |      0 |    141 |     11 |   1 |  208.0 |
               +--------+--------+--------+--------+--------+-----+--------+

Top non-repeatable levels by time:
     D:1: 208 daAuts
